 Dungeon Crawl Stone Soup version 0.20.0-15-g7f486f2 (console) character file.

1454 removed the Grappler (level 8, -2/59 HPs)
             Began as a Centaur Transmuter on June 11, 2017.
             Was a Believer of Okawaru.
             Incinerated by Hasart's ghost (4 damage)
             ... with a sticky flame
             ... on level 5 of the Dungeon.
             The game lasted 00:08:00 (5945 turns).

removed the Grappler (Centaur Transmuter)           Turns: 5945, Time: 00:08:00

Health: -2/59      AC: 12    Str: 16    XL:     8   Next: 47%
Magic:  9/10       EV:  3    Int: 12    God:    Okawaru [**....]
Gold:   302        SH:  0    Dex:  9    Spells: 9/10 levels left

rFire    . . .     SeeInvis .     - Unarmed
rCold    . . .     Gourm    .   (no shield)
rNeg     . . .     Faith    .   K - +0 plate armour
rPois    .         Spirit   .   w - +1 helmet
rElec    .         Reflect  .   (no cloak)
rCorr    .         Harm     .   (no gloves)
MR       .....                  (no barding)
Stlth    ..........             (no amulet)
Regen    0.2/turn               (no ring)
MPRegen  0.2/turn               (no ring)

@: liquid flames, glowing, very quick
A: hooves 3, deformed body, speed 2, tough skin 3
a: Heroism, Renounce Religion


You were on level 5 of the Dungeon.
You worshipped Okawaru.
Okawaru was pleased with you.
You were not hungry.

You visited 1 branch of the dungeon, and saw 5 of its levels.

You collected 302 gold pieces.

Inventory:

Missiles
 a - 55 arrows
Armour
 b - a +0 robe
 k - a +0 helmet
 w - a +1 helmet (worn)
 K - a +0 plate armour (worn)
Jewellery
 G - an uncursed ring of fire
Wands
 F - a wand of iceblast (1/15)
 I - a wand of lightning (7/15)
Scrolls
 i - a scroll of fear {unknown}
 j - a scroll of amnesia {unknown}
 l - 8 scrolls of identify {unknown}
 n - 3 scrolls of teleportation {unknown}
 q - a scroll of immolation {unknown}
 r - a scroll of recharging {unknown}
 s - 2 scrolls of random uselessness {unknown}
 u - a scroll of fog {unknown}
 y - a scroll of enchant weapon {unknown}
 z - a scroll of enchant armour {unknown}
 B - a scroll of blinking {unknown}
 J - 2 scrolls of magic mapping {unknown}
Potions
 v - 2 potions of heal wounds {unknown}
 A - a potion of experience {unknown}
 D - a potion of curing
 E - a potion of flight {unknown}
Books
 c - a book of Changes

   Spells                             Type                      Level
   a - Beastly Appendage              Transmutation                1
   b - Sticks to Snakes               Transmutation                2
   c - Spider Form                    Transmutation/Poison         3
   d - Ice Form                       Ice/Transmutation            4
   e - Blade Hands                    Transmutation                5
Comestibles
 d - 3 bread rations
 f - 3 royal jellies
 m - 3 fruits
 o - a meat ration
 H - 6 chunks of flesh


   Skills:
 - Level 1.0 Fighting
 + Level 4.1 Armour
 - Level 1.3 Dodging
 - Level 9.4 Unarmed Combat
 - Level 1.5 Spellcasting
 - Level 1.7 Transmutations


You had 9 spell levels left.
You knew the following spells:

 Your Spells              Type           Power        Failure   Level  Hunger
a - Beastly Appendage     Tmut           #.....       100%        1    ##.....


Dungeon Overview and Level Annotations

Branches:
Dungeon (5/15)             Temple (0/1) D:4

Altars:
Fedhas
Hepliaklqana
Kikubaaqudgha
Makhleb
Okawaru
Ru
Yredelemnul

Shops:
D:4 [


Innate Abilities, Weirdness & Mutations

You have hooves in place of feet.
Armour fits poorly on your strangely shaped body.
You cover ground very quickly.
You have extremely tough skin. (AC +3)


Message History

Unknown command.
You pummel the ogre!!
You kill the ogre!
Okawaru accepts your kill.
Your base Armour skill increases to level 4!
You are covered in liquid flames!
* * * LOW HITPOINT WARNING * * *
You feel like a meek peon again.
You punch the dart slug! You kick the dart slug.
You kill the dart slug!
Okawaru accepts your kill.
You are covered in liquid flames!
* * * LOW HITPOINT WARNING * * *
x2 You feel sick.
Unknown command.
You feel better.
You are covered in liquid flames!
* * * LOW HITPOINT WARNING * * *
You are covered in liquid flames!
You die...

# #....w...##....... . ..
#........##....... ##.
#........##....... ....
+........##.......
#....###(.......##.......
#............######'##
#..####.##############.#
#......................#
#.######@###############
.......)..# .........##
#..#..##.# #.. #.# #. #.#
. #.############# ..
#.........)[)<#
###############


There were no monsters in sight!

Vanquished Creatures
  The ghost of Hasart the Conjurer, a novice DsFE (D:5)
  The ghost of removed the Ruffian, an amateur CeTm (D:4)
  A phantom (D:5)
  2 ogres (D:5)
  Blork the orc (D:4)
  A howler monkey (D:4)
  A crimson imp (D:5)
  A bullfrog zombie (D:5)
  A centaur skeleton (D:5)
  2 hounds
  4 orc wizards
  A worker ant (D:5)
  A hound zombie (D:5)
  Robin (D:3)
  A howler monkey skeleton (D:4)
  5 adders
  2 oozes (D:3)
  4 worms
  4 dart slugs
  5 leopard geckos
  23 orcs
  6 bats
  A giant cockroach (D:2)
  16 goblins
  12 hobgoblins
  4 jackals (D:2)
  A quokka (D:4)
  5 ball pythons
  8 frilled lizards
  5 kobolds
  A quokka zombie (D:5)
  5 rats
127 creatures vanquished.

Notes
Turn   | Place    | Note
-------+----------+-------------------------------------------
     0 | D:1      | removed the Centaur Transmuter began the quest for the Orb.
     0 | D:1      | Reached XP level 1. HP: 16/16 MP: 3/3
   358 | D:1      | Reached XP level 2. HP: 10/23 MP: 4/4
  1027 | D:2      | Reached skill level 4 in Unarmed Combat
  1027 | D:2      | Reached XP level 3. HP: 7/28 MP: 5/5
  1854 | D:2      | Reached XP level 4. HP: 29/35 MP: 6/6
  1972 | D:2      | Reached skill level 5 in Unarmed Combat
  2622 | D:3      | Noticed Robin
  2962 | D:3      | Killed Robin
  2962 | D:3      | Reached XP level 5. HP: 40/40 MP: 7/7
  3276 | D:3      | Reached skill level 6 in Unarmed Combat
  3395 | D:3      | Found a hazy altar of Hepliaklqana.
  3397 | D:3      | Found a basalt altar of Yredelemnul.
  3399 | D:3      | Found an iron altar of Okawaru.
  3399 | D:3      | Found a burning altar of Makhleb.
  3419 | D:3      | Became a worshipper of Warmaster Okawaru
  3565 | D:4      | Found Gutt's Armour Boutique.
  3636 | D:4      | Found a sacrificial altar of Ru.
  3636 | D:4      | Found a blossoming altar of Fedhas.
  3657 | D:4      | Reached XP level 6. HP: 23/47 MP: 8/8
  3693 | D:4      | Reached skill level 7 in Unarmed Combat
  4040 | D:4      | Noticed removed's ghost (amateur CeTm)
  4075 | D:5      | Entered Level 5 of the Dungeon
  4762 | D:5      | Found an ancient bone altar of Kikubaaqudgha.
  4804 | D:5      | Reached * piety under Okawaru
  4830 | D:5      | Reached skill level 8 in Unarmed Combat
  4830 | D:5      | Reached XP level 7. HP: 4/52 MP: 9/9
  5174 | D:4      | Found a staircase to the Ecumenical Temple.
  5247 | D:4      | Killed removed's ghost
  5247 | D:4      | Reached ** piety under Okawaru
  5247 | D:4      | Reached skill level 9 in Unarmed Combat
  5277 | D:4      | Noticed Blork the orc
  5293 | D:4      | Killed Blork the orc
  5790 | D:5      | Reached skill level 1 in Armour
  5898 | D:5      | Reached XP level 8. HP: 56/59 MP: 10/10
  5921 | D:5      | Noticed Hasart's ghost (novice DsFE)
  5935 | D:5      | Killed Hasart's ghost
  5943 | D:5      | HP: 2/59 [burnt (3)]
  5945 | D:5      | Incinerated by Hasart's ghost

Skill      XL: |  1  2  3  4  5  6  7  8 |
---------------+-------------------------+-----
Unarmed Combat | 4 5 6 8 9 |  9.4
Armour         | 1 4 |  4.1
Fighting       | |  1.0
Dodging        | |  1.3
Spellcasting   | |  1.5
Transmutations | |  1.7

Action                   |  1- 3 |  4- 6 |  7- 9 || total
-------------------------+-------+-------+-------++-------
Melee: Unarmed           |   161 |   334 |   106 ||   601
       Kick              |    30 |    59 |    27 ||   116
       Punch             |     2 |     7 |     4 ||    13
Invok: Heroism           |       |       |     2 ||     2
Evoke: Wand              |       |     2 |     1 ||     3
  Use: Potion            |     1 |       |     1 ||     2
  Eat: Chunk             |     2 |     8 |     4 ||    14
       Fruit             |       |     1 |       ||     1
Armor: Robe              |    66 |   117 |    10 ||   193
       Plate armour      |       |       |    34 ||    34
Dodge: Dodged            |    93 |   140 |    15 ||   248
